 Dungeon Crawl Stone Soup version 0.31-a0-703-gcfe89afef6 (webtiles) character file.

Game seed: 9827440513037003471

81 porpoise the Sneak (level 4, -7/23 HPs)
             Began as a Vine Stalker Brigand on Sept 9, 2023.
             Blown up by Ijyb (13 damage)
             ... with a mindburst bolt
             ... on level 3 of the Dungeon.
             The game lasted 00:05:02 (1809 turns).

porpoise the Sneak (Vine Stalker Brigand)           Turns: 1809, Time: 00:05:03

Health: -7/23      AC:  6    Str: 14    XL:     4   Next: 42%
Magic:  0/5        EV: 11    Int: 11    God:
Gold:   78         SH:  0    Dex: 17    Spells: 3/3 levels left

rFire   . . .        a - +2 dagger
rCold   . . .        (no shield)
rNeg    . . .        i - +0 leather armour
rPois   .            (no helmet)
rElec   .            c - +0 cloak
rCorr   .            (no gloves)
SInv    .            g - +1 pair of boots
Will    .....        (no amulet)
Stlth   +++          (no ring)
HPRegen 1.03/turn    (no ring)
MPRegen 0.09/turn

%: guardian spirit
@: no status effects
A: fangs 2, regeneration 1, magic shield, antimagic bite, no potion heal 2
a: no special abilities


You were on level 3 of the Dungeon.
You visited 1 branch of the dungeon, and saw 3 of its levels.

You collected 78 gold pieces.

Inventory:

Hand Weapons
 a - a +2 dagger (weapon)
Missiles
 b - 2 atropa-tipped darts
 d - 18 poisoned darts (quivered)
 e - 3 curare-tipped darts
Armour
 c - a +0 cloak (worn)
 g - a +1 pair of boots (worn)
 i - a +0 leather armour (worn)
Scrolls
 f - a scroll of summoning {unknown}
 h - 2 scrolls of poison
 j - a scroll of immolation {unknown}
 n - a scroll of vulnerability {unknown}
Potions
 k - a potion of curing
 l - a potion of mutation {unknown}
 m - a potion of magic {unknown}


   Skills:
 + Level 2.5 Fighting
 * Level 3.1 Short Blades
 - Level 1.7 Throwing
 - Level 0.7 Dodging
 + Level 5.4 Stealth


You had 3 spell levels left.
You didn't know any spells.
Your spell library was empty.

Dungeon Overview and Level Annotations

Branches:
Dungeon (3/15)

Altars:

Annotations:
D:3 Ijyb


Innate Abilities, Weirdness & Mutations

You have extremely sharp teeth.
Your natural rate of healing is unusually fast.
When hurt, damage is shared between your health and your magic reserves.
Your bite disrupts and absorbs the magic of your enemies.
Potions cannot restore your health.


Message History

You feel stronger.
You barely miss the bat. You bite the bat.
You kill the bat!
Ijyb the Twisted Goblin comes into view.
She is wielding a +0 club and carrying a wand of mindburst.
Ijyb shouts!
Things that are here:
a +0 club; a +0 robe
Okay, then.
A bat comes into view.
Ijyb screams, "Me stronger than you!"
Ijyb zaps a wand.
You struggle to resist.
Ijyb zaps a wand.
Your mind is blasted!
Found a scroll labelled JAUHOOGEXI.
Ijyb zaps a wand.
Your mind is blasted!
You hit Ijyb but do no damage. The bat completely misses you.
You hit Ijyb. Your bite misses Ijyb.
Ijyb is lightly wounded.
The bat hits you but does no damage. Ijyb hits you with a +0 club.
You closely miss Ijyb. Your bite misses Ijyb.
Ijyb is lightly wounded.
The bat hits you. Ijyb hits you with a +0 club.
You hit Ijyb but do no damage. You bite Ijyb, but do no damage.
Ijyb is lightly wounded.
The bat barely misses you. Ijyb hits you with a +0 club.
You hit Ijyb.
Ijyb is lightly wounded.
The bat hits you but does no damage.
Ijyb zaps a wand.
Your mind is blasted!
* * * LOW HITPOINT WARNING * * *
You closely miss Ijyb. You bite Ijyb. You drain her power.
You feel invigorated.
Ijyb is moderately wounded.
The bat hits you.
* * * LOW HITPOINT WARNING * * *
Ijyb barely misses you.
You closely miss Ijyb. You bite Ijyb, but do no damage.
Ijyb is moderately wounded.
The bat hits you but does no damage.
It was a potion of curing.
That felt strangely inert.
The bat completely misses you.
Ijyb zaps a wand.
Your mind is blasted!
Ouch! That really hurt!
You die...

###........# ≈≈≈≈≈≈≈##.#
#.....#.##?###≈#####≈##.#
.)#.#.###.##....≈ #≈..<.
...............# #≈....
##)#...)......## #≈.##.
#).............# #≈####
...###.........#≈≈ ≈≈≈ .#
#............)....
#...b@...)#≈≈≈.≈≈≈
#....g....#≈##.##≈
##.........≈#≈. #≈
#.........#≈#≈ #≈
#.........# # #.........#
#.........# #.?.......#


You could see Ijyb and a bat.

Vanquished Creatures
  Jessica (D:3)
  An adder (D:2)
  3 dart slugs (D:2)
  3 ball pythons
  2 endoplasms (D:2)
  A giant cockroach (D:2)
  3 goblins
  5 hobgoblins
  2 jackals (D:2)
  5 kobolds
  2 quokkas (D:1)
  7 bats
  A frilled lizard (D:2)
  3 rats
39 creatures vanquished.

Notes
Turn   | Place    | Note
-------+----------+-------------------------------------------
     0 | D:1      | porpoise the Vine Stalker Brigand began the quest for the
                  | Orb.
     0 | D:1      | Reached XP level 1. HP: 11/11 MP: 2/2
   314 | D:1      | Reached skill level 5 in Stealth
   314 | D:1      | Reached XP level 2. HP: 15/15 MP: 3/3
   991 | D:2      | Reached XP level 3. HP: 18/18 MP: 4/4
  1790 | D:3      | Noticed Jessica
  1795 | D:3      | Killed Jessica
  1796 | D:3      | Reached XP level 4. HP: 23/23 MP: 5/5
  1797 | D:3      | Noticed Ijyb
  1809 | D:3      | Blown up by Ijyb

Illustrated notes

Levels and vault maps discovered:
D:1:      minmay_arrival_radiant_lines, layout_basic
D:2:      layout_loops_ring
D:3:      layout_rooms, nicolae_overflow_two_pavilions, minmay_puff,
          uniq_jessica, uniq_ijyb

Skill      XL: |  1  2  3 |
---------------+----------+-----
Short Blades   | 2 3 |  3.1
Stealth        | 5 |  5.4
Fighting       | 2 |  2.5
Throwing       | |  1.7
Dodging        | |  0.7

Action                     |  1- 3 |  4- 6 || total
---------------------------+-------+-------++-------
  Melee: Dagger            |   100 |     8 ||   108
         Bite              |    21 |     4 ||    25
         Punch             |     1 |       ||     1
    Use: Scroll            |     1 |       ||     1
         Potion            |       |     1 ||     1
   Stab: Sleeping          |    13 |       ||    13
 Armour: Robe              |     7 |       ||     7
         Leather armour    |    34 |     8 ||    42
  Dodge: Dodged            |    51 |     4 ||    55

Table legend: (Time is in decaauts)
 A = Elapsed time spent in this place.
 B = Non-inter-level travel time spent in this place.
 C = Inter-level travel time spent in this place.
 D = Time resting spent in this place.
 E = Time spent auto-exploring this place.
 F = Levels seen in this place.
 G = Mean time per level.
                   A        B        C        D        E       F      G
               +--------+--------+--------+--------+--------+-----+--------+
         Total |   1795 |   1749 |     46 |    321 |   1092 |   3 |  598.3 |
       Dungeon |   1795 |   1749 |     46 |    321 |   1092 |   3 |  598.3 |
               +--------+--------+--------+--------+--------+-----+--------+

Top non-repeatable levels by time:
     D:1: 941 daAuts
     D:2: 686 daAuts
     D:3: 167 daAuts
